 Dungeon Crawl Stone Soup version 0.24-a0-581-gc0fa6600bf (webtiles) character file.

Game seed: 469478310443412038

105 Eightlegvermin the Conjurer (level 4, -9/36 HPs)
             Began as a Draconian Conjurer on Aug 24, 2019.
             Killed by divine providence
             ... invoked by an orc priest
              (15 damage)
             ... on level 2 of the Dungeon.
             The game lasted 00:17:07 (3582 turns).

Eightlegvermin the Conjurer (Draconian Conjurer)    Turns: 3582, Time: 00:17:08

Health: -9/36      AC:  6    Str: 10    XL:     4   Next: 53%
Magic:  1/7        EV: 12    Int: 17    God:
Gold:   187        SH:  0    Dex: 11    Spells: 1/7 levels left

rFire    . . .     SeeInvis .   j - +0 spear
rCold    . . .     Gourm    .   (no shield)
rNeg     . . .     Faith    .   (armour unavailable)
rPois    .         Spirit   .   (helmet restricted)
rElec    .         Reflect  .   l - +0 cloak
rCorr    .         Harm     .   (no gloves)
MR       .....                  (no boots)
Stlth    ++........             (no amulet)
HPRegen  0.12/turn              (no ring)
MPRegen  0.10/turn              (no ring)

@: no status effects
A: unfitting armour, cold-blooded, AC +5
a: no special abilities


You were on level 2 of the Dungeon.
You were hungry.

You visited 1 branch of the dungeon, and saw 3 of its levels.

You collected 187 gold pieces.

Inventory:

Hand Weapons
 j - a +0 spear (weapon)
Missiles
 r - 22 arrows
Armour
 l - a +0 cloak (worn)
Jewellery
 c - an uncursed ring of fire {unknown}
 e - an uncursed ring of protection from fire {unknown}
 h - a cursed amulet of inaccuracy
 k - an uncursed ring of resist corrosion
 o - an uncursed ring of wizardry {unknown}
Scrolls
 a - 2 scrolls of enchant weapon
 g - 2 scrolls of remove curse
 i - a scroll of fear {unknown}
 m - 2 scrolls of magic mapping {unknown}
 n - a scroll of enchant armour {unknown}
 q - a scroll of random uselessness {unknown}
Potions
 f - a potion of mutation {unknown}
Comestibles
 b - 4 rations


   Skills:
 + Level 2.0 Fighting
 - Level 1.7 Dodging
 - Level 3.0 Stealth
 - Level 2.0 Spellcasting
 + Level 5.0 Conjurations


You had one spell level left.
You knew the following spells:

 Your Spells              Type           Power        Failure   Level  Hunger
a - Magic Dart            Conj           ###.         2%          1    #......
b - Searing Ray           Conj           ###...       3%          2    ###....
c - Dazzling Spray        Conj/Hex       ##....       21%         3    ###....

Your spell library contained the following spells:

 Spells                   Type           Power        Failure   Level  Hunger
 Iskenderun's Mystic Bla  Conj           ###.....     24%         4    #####..
 Force Lance              Conj/Tloc      ##......     56%         4    #####..
 Fulminant Prism          Conj/Hex       ##........   56%         4    #####..


Dungeon Overview and Level Annotations

Branches:
Dungeon (3/15)

Altars:
Ashenzari

Annotations:
D:2 exclusion: downstairs


Innate Abilities, Weirdness & Mutations

Your plain brown scales are hard. (AC +5)
You cannot fit into any form of body armour.
You are cold-blooded and may be slowed by cold attacks.


Message History

* * * LOW HITPOINT WARNING * * *
The searing ray hits the orc priest.
The orc priest is heavily wounded.
The searing ray misses the orc priest.
The orc priest mumbles some strange prayers to Beogh against you.
Pain shoots through your body!
* * * LOW HITPOINT WARNING * * *
The searing ray misses the orc priest.
You finish channeling your searing ray.
The orc priest barely misses you.
The orc priest hits you with a +2 flail of protection.
* * * LOW HITPOINT WARNING * * *
Okay, then.
It was a potion of curing.
You feel better.
The orc priest hits you with a +2 flail of protection.
* * * LOW HITPOINT WARNING * * *
Okay, then.
All of the chunks of flesh in your inventory have rotted away.
The orc priest invokes the aid of Beogh against you.
Beogh smites you!
You die...

#### ...# ##.# ##.#####
.......##############
#...............@.o.#
.......############.############
............# #............#
##.....####.# ############.#
##.#.### #.# #)# ...#.# #.# #>#
####.## #.# #.# ####..#####.#
#.# ............# #.#


You could see an orc priest.

Vanquished Creatures
  2 adders
  An ooze (D:2)
  2 worms
  A dart slug (D:1)
  9 orcs
  A giant cockroach (D:3)
  6 goblins
  8 hobgoblins
  4 jackals (D:2)
  8 kobolds
  2 quokkas (D:3)
  A ball python (D:2)
  8 bats
  5 frilled lizards
  7 rats
65 creatures vanquished.

Notes
Turn   | Place    | Note
-------+----------+-------------------------------------------
     0 | D:1      | Eightlegvermin the Draconian Conjurer began the quest for
                  | the Orb.
     0 | D:1      | Reached XP level 1. HP: 14/14 MP: 3/3
   224 | D:1      | Reached XP level 2. HP: 20/20 MP: 0/5
   239 | D:1      | You fall into a shaft and drop 1 floor!
   365 | D:1      | HP: 1/30 [poisoned by an adder]
  1005 | D:1      | Learned a level 2 spell: Searing Ray
  1179 | D:1      | Reached XP level 3. HP: 26/26 MP: 4/6
  2267 | D:3      | Reached skill level 1 in Fighting
  2288 | D:3      | Found a shattered altar of Ashenzari.
  2581 | D:3      | Reached XP level 4. HP: 33/35 MP: 3/7
  2997 | D:3      | Learned a level 3 spell: Dazzling Spray
  3346 | D:3      | Reached skill level 5 in Conjurations
  3570 | D:2      | HP: 1/36 [orc priest/+2 flail of protection (4)]
  3582 | D:2      | Killed from afar by an orc priest

Levels and vault maps discovered:
D:1:      minmay_arrival_open_corners, layout_basic, chequers_decorated_corner,
          st_stairs_10
D:2:      layout_loops_ring, first_ration
D:3:      layout_rooms, minmay_curled_crystal, hangedman_decor_lopped,
          nicolae_ashenzari_panopticon

Skill      XL: |  1  2  3  4 |
---------------+-------------+-----
Stealth        | 2 3 |  3.0
Fighting       | 1 2 |  2.0
Conjurations   | 5 |  5.0
Dodging        | |  1.7
Spellcasting   | |  2.0

Action                   |  1- 3 |  4- 6 || total
-------------------------+-------+-------++-------
Melee: Unarmed           |     4 |       ||     4
       Spear             |    37 |    30 ||    67
       Tailslap          |       |     1 ||     1
 Cast: Magic Dart        |   102 |    48 ||   150
       Searing Ray       |       |     4 ||     4
  Use: Potion            |     1 |     1 ||     2
       Scroll            |     2 |     1 ||     3
  Eat: Chunk             |     4 |     3 ||     7
       Ration            |     1 |       ||     1
Armor: Skin              |    45 |    10 ||    55
Dodge: Dodged            |   111 |    31 ||   142

Table legend:
 A = Non-vault XP
 B = Vault XP
 C = Vault XP percentage of total XP
 D = Non-vault monster count
 E = Vault monster count
 F = Vault count percentage of total count
                 A         B        C        D         E       F
            +---------+---------+-------+---------+---------+-------
      Total |     146 |       4 |   2.7 |      62 |       3 |   4.6
            +---------+---------+-------+---------+---------+-------
        D:1 |      44 |       4 |   8.3 |      20 |       3 |  13.0
        D:2 |      48 |       0 |   0.0 |      15 |       0 |   0.0
        D:3 |      54 |       0 |   0.0 |      27 |       0 |   0.0
            +---------+---------+-------+---------+---------+-------
